 Dungeon Crawl Stone Soup version 0.20-a0-1116-gaa52201 (webtiles) character file.

19329 Leszczynek the Martial Artist (level 12, -4/83 HPs)
             Began as an Octopode Wanderer on May 7, 2017.
             Was a High Priest of Ru.
             Slain by a komodo dragon (30 damage)
             ... on level 2 of the Lair of Beasts on May 8, 2017.
             The game lasted 01:23:13 (12964 turns).

Leszczynek the Martial Artist (Octopode Wanderer)  Turns: 12964, Time: 01:23:14

Health: -4/83      AC:  1    Str: 10    XL:     12   Next: 67%
Magic:  17/17      EV: 21    Int: 15    God:    Ru [*****.]
Gold:   596        SH:  0    Dex: 17    Spells: 7/15 levels left

rFire    . . .     SeeInvis .     - Unarmed
rCold    . . .     Gourm    .   (helmet restricted)
rNeg     . . .     Faith    .   (no amulet)
rPois    .         Spirit   .   i - +2 ring of evasion
rElec    .         Reflect  .   (no ring)
rCorr    .         Harm     .   (no ring)
MR       .....                  (no ring)
Stlth    ++++......             (no ring)
Regen    0.3/turn               (no ring)
MPRegen  0.2/turn               (no ring)

@: no status effects
A: almost no armour, stealthy swim, amphibious, 7 rings, constrict 7, camouflage
1, gelatinous body 1, missing a hand, unskilled 1
a: Draw Out Power, Power Leap, Apocalypse, Renounce Religion


You were on level 2 of the Lair of Beasts.
You worshipped Ru.
Ru was extremely pleased with you.
You were not hungry.

You visited 2 branches of the dungeon, and saw 14 of its levels.
You also visited: Ice Cave.

You collected 686 gold pieces.
You spent 90 gold pieces at shops.

Inventory:

Jewellery
 i - a +2 ring of evasion (left tentacle)
 x - an uncursed ring of fire
 D - an uncursed ring of ice
Wands
 g - a wand of polymorph (13/24)
 k - a wand of paralysis (11/24)
 y - a wand of confusion (17/48)
 B - a wand of random effects (21/48)
 E - a wand of polymorph (10/24)
 F - a wand of lightning (8/15)
Scrolls
 a - 4 scrolls of recharging
 e - a scroll of blinking
 n - 3 scrolls of fog
 o - 4 scrolls of enchant armour
 p - 2 scrolls of fear
 q - 5 scrolls of remove curse {@r2}
 r - 2 scrolls of magic mapping
 H - 2 scrolls of teleportation
Potions
 b - 3 potions of lignification {unknown}
 j - 6 potions of curing {@q1}
 l - a potion of experience {unknown}
 s - 2 potions of heal wounds {@q2}
 u - 2 potions of agility
 v - 2 potions of might
 w - a potion of flight {unknown}
 C - a potion of resistance
 G - a potion of magic
Books
 h - the Reference Book on Dislocation and Calling
   (You found it on level 11 of the Dungeon)

   Spells                             Type                      Level
   a - Summon Butterflies             Summoning                    1
   b - Summon Guardian Golem          Hexes/Summoning              3
   c - Recall                         Summoning/Translocation      3
   d - Teleport Other                 Translocation                3
   e - Passage of Golubria            Translocation                4
   f - Dispersal                      Translocation                6
Comestibles
 d - 7 bread rations
 f - 4 meat rations
 m - 8 fruits


   Skills:
 - Level 8.2 Fighting
   Level 4.4 Polearms
 - Level 8.4 Dodging
 - Level 3.6 Stealth
 - Level 11.6 Unarmed Combat
 + Level 2.0 Spellcasting
 - Level 4.0 Hexes
   Level 1.7 Charms
   Level 2.6 Transmutations
 - Level 6.8 Evocations


You had 7 spell levels left.
You knew the following spells:

 Your Spells              Type           Power        Failure   Level  Hunger
a - Confusing Touch       Hex            ##....       4%          1    #......
b - Mephitic Cloud        Conj/Pois/Air  #.......     54%         3    ###....
d - Passage of Golubria   Tloc           N/A          91%         4    #####..


Dungeon Overview and Level Annotations

Branches:
Dungeon (12/15)            Temple (0/1) D:6            Lair (2/6) D:10
  Swamp: Lair:2-4    Shoals: Lair:2-4     Snake: Lair:2-4    Spider: Lair:2-4
    Orc: D:9-12

Altars:
Elyvilon
Fedhas
Gozag
Ru
Vehumet
Wu Jian
Yredelemnul
Zin

Shops:
D:12 %

Annotations:
D:3 ogre
D:4 Dowan
D:6 pikel, exclusions: 2 slaves and wight, Menkaure
D:9 catoplebas
D:10 exclusion: troll
D:11 death knight, 2ho, gargoyle, exclusions: death yak, 2 electric eels, hydra, two-headed ogre and ugly thing, Snorg
D:12 sergedm's ghost, journeyman DECj
Lair:1 4h


Innate Abilities, Weirdness & Mutations

You cannot wear most types of armour.
You are very stealthy in the water. (Stealth+)
You are amphibious.
You can wear up to seven rings at the same time.
You can use your tentacles to constrict seven enemies at once.
Your skin changes colour to match your surroundings (Stealth+).
Your rubbery body absorbs attacks. (AC +1, EV +1)
You are missing a hand.
You are somewhat unskilled. (-1 Apt)


Message History

Aim: a komodo dragon (chance to defeat MR: 50%)
The komodo dragon resists with some effort.
This wand has 18 charges left.
Evoke which item? (* to show all) (? for menu, Esc to quit)
Aiming: Confuse
Press: ? - help, Shift-Dir - straight line, f/p - komodo dragon
Aim: a komodo dragon (chance to defeat MR: 50%)
The komodo dragon resists with some effort.
This wand has 17 charges left.
Found a helmet.
Casting: Confusing Touch
Confirm with . or Enter, or press ? or * to list all spells.
Your tentacle begins to glow red.
The komodo dragon bites you!!
You see here 20 stones.
Your tentacle stops glowing.
You see here a Young Poisoner's Handbook.
You tentacle-slap the fungus. You grab the fungus.
The fungus is lightly damaged.
You constrict the fungus. The komodo dragon bites you!!
You die...

#............# #.###..#.#
####<...#....####........#
##..#....#......##.....#
#P.............#....##.##
##...####.....###....#..###
##..##.......###.......#..####.
#...#..####..##.(.......=......
##.##....##..:.l..........#####
#..##...≈##..@........#.##
#<..##..##..P.:.......###
#...........#........##
#.#.#......P(........#
#............###...###
###P##P###.##.###.## ###### ###
## ###


You could see a komodo dragon.

Vanquished Creatures
  Erica (D:10)
  2 two-headed ogres
  A glowing orange brain (D:10)
  Joseph (D:8)
  A spiny frog (Lair:2)
  A centaur skeleton (D:10)
  2 rime drakes (D:11)
  A komodo dragon (Lair:1)
  3 polar bears (D:11)
  Prince Ribbit (D:8)
  4 blink frogs (Lair:1)
  2 hippogriffs
  A shadow (D:11)
  30 yaks
  Eustachio (D:5)
  Grum (D:8)
  3 hungry ghosts
  Edmund (D:6)
  8 porcupines
  2 water moccasins (Lair:1)
  3 ice beasts
  6 orc warriors
  3 sky beasts
  3 necrophages
  3 ogres
  An eye of draining (D:9)
  A black bear (D:9)
  4 wolves
  A tengu (D:8)
  5 centaurs
  2 crocodiles
  2 big kobolds
  13 bullfrogs
  A gnoll sergeant (D:9)
  2 scorpions (D:9)
  A wyvern skeleton (D:7)
  19 killer bees
  14 wights
  4 howler monkeys
  4 crimson imps
  A quasit (D:9)
  A bullfrog zombie (D:11)
  5 jellies
  4 centaur zombies
  3 hounds (D:9)
  7 orc priests
  A bullfrog skeleton (D:9)
  9 orc wizards
  Jessica (D:2)
  2 iguanas
  2 worker ants
  A centaur simulacrum (D:11)
  2 hound skeletons
  A worker ant zombie (D:9)
  12 gnolls
  15 adders
  A shadow imp (D:9)
  2 white imps (D:11)
  2 ufetubi (D:11)
  An ooze (D:1)
  An adder zombie (D:7)
  2 worms
  2 dart slugs
  4 leopard geckos
  27 orcs
  9 bats
  4 giant cockroaches
  7 goblins
  8 hobgoblins
  5 jackals
  A quokka (D:9)
  7 ball pythons
  6 frilled lizards
  30 kobolds
  2 leopard gecko skeletons (D:4)
  A quokka skeleton (D:10)
  A quokka zombie (D:8)
  8 rats
  5 plants (D:7)
362 creatures vanquished.

Vanquished Creatures (others)
  An orc warrior (D:10)
  2 fungi (Lair:1)
  A plant (Lair:1)
4 creatures vanquished.

Grand Total: 366 creatures vanquished

Notes
Turn   | Place    | Note
-------+----------+-------------------------------------------
     0 | D:1      | Leszczynek the Octopode Wanderer began the quest for the Orb.
     0 | D:1      | Leszczynek set off with: a +2 dagger, a scroll of blinking, a +0 spear, a bread ration
     0 | D:1      | Reached XP level 1. HP: 13/13 MP: 1/1
     0 | D:1      | 10/13/13 (3/3/6)
     0 | D:1      | already got 3 points in transmutations
     0 | D:1      | woo
   124 | D:1      | Reached skill level 1 in Unarmed Combat
   247 | D:1      | Reached XP level 2. HP: 18/18 MP: 2/2
   546 | D:1      | Reached skill level 2 in Unarmed Combat
   765 | D:1      | Reached XP level 3. HP: 23/23 MP: 3/3
   783 | D:2      | Noticed Jessica
   808 | D:2      | Reached skill level 3 in Unarmed Combat
  1199 | D:2      | Reached XP level 4. HP: 28/28 MP: 4/4
  1431 | D:3      | Found an opulent altar of Gozag.
  1451 | D:3      | Reached skill level 4 in Unarmed Combat
  1583 | D:3      | Found Zin's Purification Station.
  1592 | D:3      | Found a glowing silver altar of Zin.
  1624 | D:3      | Bought a potion of curing for 90 gold pieces
  1671 | D:3      | that vault with a zin altar and a "purification station" shop is a real sign of the times
  1671 | D:3      | it used to have !cmut
  1671 | D:3      | now it has !curing
  1671 | D:3      | really shows how fucking awful zin is for the most of the game
  1671 | D:3      | still, imprison and sanctuary are top tier
  1753 | D:3      | Reached XP level 5. HP: 24/33 MP: 5/5
  1775 | D:3      | Found a blossoming altar of Fedhas.
  1818 | D:3      | Reached skill level 5 in Unarmed Combat
  1914 | D:3      | you know, i'd just go with gozag
  1914 | D:3      | but my bad luck with octopode x gozag combo is legendary
  1929 | D:3      | Noticed an ogre
  1998 | D:3      | fedhas is annoying
  1998 | D:3      | and an UC octopode of zin is just...
  1998 | D:3      | a very unusual idea
  2017 | D:4      | Found a sacrificial altar of Ru.
  2021 | D:4      | hm
  2024 | D:4      | oh well why not
  2079 | D:4      | Became a worshipper of Ru the Awakened
  2124 | D:4      | Found a basalt altar of Yredelemnul.
  2127 | D:4      | Noticed Dowan
  2330 | D:4      | Reached XP level 6. HP: 38/38 MP: 6/6
  2443 | D:4      | Got an encrusted spear
  2444 | D:4      | Identified the +7 spear of Barresch {flame, *Drain +Rage rPois Int+3} (You found it on level 4 of the Dungeon)
  2445 | D:4      | of course
  2566 | D:3      | this is stupid
  2613 | D:3      | Reached skill level 6 in Unarmed Combat
  2621 | D:3      | very stupid
  2703 | D:2      | Killed Jessica
  2785 | D:5      | Entered Level 5 of the Dungeon
  2888 | D:5      | Reached skill level 1 in Dodging
  2888 | D:5      | Reached XP level 7. HP: 34/43 MP: 7/7
  3085 | D:5      | Noticed Eustachio
  3102 | D:5      | Killed Eustachio
  3102 | D:5      | Reached skill level 2 in Fighting
  3102 | D:5      | Reached skill level 2 in Dodging
  3268 | D:5      | Reached skill level 3 in Fighting
  3521 | D:6      | Reached skill level 3 in Dodging
  3552 | D:6      | Noticed Edmund
  3563 | D:6      | Killed Edmund
  3563 | D:6      | Reached XP level 8. HP: 54/54 MP: 8/8
  3627 | D:6      | Found a staircase to the Ecumenical Temple.
  3659 | D:6      | Reached skill level 7 in Unarmed Combat
  3662 | D:6      | HP: 3/52 [centaur/arrow (15)]
  3671 | D:6      | Reached skill level 4 in Fighting
  3726 | D:6      | Learned a level 1 spell: Confusing Touch
  3933 | D:6      | Gained mutation: You are somewhat unskilled. (-1 Apt) [Ru sacrifice]
  3933 | D:6      | Reduced skill Fighting to level 3
  3933 | D:6      | Reduced skill Stealth to level 3
  3933 | D:6      | Reduced skill Unarmed Combat to level 6
  3933 | D:6      | Reduced skill Charms to level 1
  3933 | D:6      | Reduced skill Transmutations to level 2
  3933 | D:6      | Reached * piety under Ru
  3933 | D:6      | Reached ** piety under Ru
  3963 | D:6      | Noticed Menkaure
  4186 | D:7      | Reached skill level 7 in Unarmed Combat
  4231 | D:7      | Found a white marble altar of Elyvilon.
  4520 | D:7      | Reached skill level 8 in Unarmed Combat
  4754 | D:7      | the fuck is hit
  4754 | D:7      | this
  5015 | D:8      | Found an ornate altar of the Wu Jian Council.
  5026 | D:8      | Reached XP level 9. HP: 53/58 MP: 9/9
  5091 | D:8      | Noticed Maurice
  5110 | D:8      | Noticed Maurice
  5110 | D:8      | Maurice changed into Maurice the tengu
  5119 | D:8      | Killed Maurice the tengu
  5119 | D:8      | Reached skill level 9 in Unarmed Combat
  5263 | D:8      | Noticed Joseph
  5284 | D:8      | Noticed a two-headed ogre
  5289 | D:8      | oh
  5289 | D:8      | boy
  5296 | D:8      | Killed a two-headed ogre
  5296 | D:8      | Reached skill level 10 in Unarmed Combat
  5319 | D:8      | HP: 7/58 [Joseph/uncursed quarterstaff (16)]
  5322 | D:8      | Killed Joseph
  5325 | D:8      | Reached skill level 11 in Unarmed Combat
  5408 | D:8      | Noticed Grum
  5422 | D:8      | Killed Grum
  5422 | D:8      | Reached skill level 4 in Fighting
  5425 | D:8      | Reached XP level 10. HP: 63/63 MP: 10/10
  5430 | D:8      | Reached skill level 4 in Dodging
  5539 | D:8      | Found a radiant altar of Vehumet.
  5607 | D:8      | Noticed Prince Ribbit
  5649 | D:8      | Killed Prince Ribbit
  5679 | D:8      | Reached skill level 5 in Fighting
  5866 | D:9      | so, no Regeneration, Animate Skeleton, Irradiate, Swiftness
  5866 | D:9      | OR no wands/evocables OR no hand
  5866 | D:9      | actually does +Rage on a weapon count as Artifice?
  5866 | D:9      | it does
  5866 | D:9      | go go hand then
  5866 | D:9      | who needs shields when you have 1 AC
  5866 | D:9      | Gained mutation: You are missing a hand. [Ru sacrifice]
  5866 | D:9      | Reached *** piety under Ru
  5866 | D:9      | Reached **** piety under Ru
  5866 | D:9      | Reached ***** piety under Ru
  5884 | D:9      | Reached skill level 1 in Polearms
  6007 | D:9      | Reached skill level 2 in Polearms
  6118 | D:9      | of course immediately after i find a shield
  6118 | D:9      | har har
  6124 | D:9      | Noticed a two-headed ogre
  6167 | D:9      | Killed a two-headed ogre
  6167 | D:9      | Reached skill level 4 in Polearms
  6229 | D:9      | Reached skill level 5 in Dodging
  6282 | D:9      | Noticed a catoblepas
  6668 | D:9      | i'm toast
  6676 | D:9      | Reached skill level 6 in Fighting
  6712 | D:9      | Reached skill level 6 in Dodging
  6829 | D:9      | Reached XP level 11. HP: 51/72 MP: 11/11
  6915 | D:9      | ooh
  6969 | D:10     | Entered Level 10 of the Dungeon
  7049 | D:10     | hmmmmmmmmmmmmmm
  7112 | D:9      | Reached skill level 2 in Evocations
  7244 | D:9      | Reached skill level 3 in Evocations
  7359 | D:10     | Noticed Erica
  7645 | D:10     | Reached skill level 4 in Evocations
  7674 | D:10     | Found a staircase to the Lair.
  7700 | D:10     | Learned a level 3 spell: Mephitic Cloud
  7725 | D:10     | Reached skill level 1 in Hexes
  7786 | D:10     | Reached skill level 2 in Hexes
  7816 | D:10     | Noticed a two-headed ogre
  8011 | D:11     | Noticed a brown ugly thing
  8022 | D:11     | Identified the Reference Book on Dislocation and Calling
  8031 | D:11     | Learned a level 4 spell: Passage of Golubria
  8038 | D:11     | Found a frozen archway.
  8053 | D:11     | HP: 14/73 [rime drake (5)]
  8056 | D:11     | Reached skill level 3 in Hexes
  8214 | D:11     | Noticed a two-headed ogre
  8576 | IceCv    | Entered an ice cave
  8592 | D:11     | Reached skill level 4 in Hexes
  8989 | D:10     | Noticed a glowing orange brain
  8989 | D:10     | a two-headed ogre changed into a glowing orange brain
  9002 | D:10     | Killed a glowing orange brain
  9036 | D:10     | Reached skill level 5 in Evocations
  9762 | D:11     | Noticed Snorg
  9940 | D:11     | Reached skill level 6 in Evocations
  9951 | D:11     | Reached skill level 7 in Fighting
  9955 | D:11     | Reached skill level 7 in Dodging
 10019 | D:11     | Reached XP level 12. HP: 56/81 MP: 16/16
 10059 | D:12     | Noticed sergedm's ghost (journeyman DECj)
 10096 | D:11     | Noticed a death yak
 10571 | D:10     | Killed Erica
 10919 | D:11     | Noticed an eight-headed hydra
 10954 | D:11     | HP: 13/82 [centaur warrior zombie (6)]
 11313 | D:12     | Found Rabar's Food Boutique.
 11594 | D:11     | Noticed a death knight
 11595 | D:11     | do i really have to go to lair
 11643 | Lair:1   | Entered Level 1 of the Lair of Beasts
 11947 | Lair:1   | Reached skill level 8 in Fighting
 12209 | Lair:1   | Noticed a four-headed hydra
 12538 | Lair:1   | Reached skill level 8 in Dodging
 12789 | Lair:2   | Reached skill level 1 in Spellcasting
 12890 | Lair:2   | Reached skill level 2 in Spellcasting
 12964 | Lair:2   | Slain by a komodo dragon

Vault maps used:
D:1:      saegor_arrival_simple_d
D:2:      minmay_fountain_box, minmay_shallow_snake_nest, uniq_jessica
D:3:      zin_purify, lemuel_crystal_altar, lemuel_altar_in_water2
D:4:      lemuel_doored_altar, nicolae_ru_awakened_eye, uniq_duvessa
D:5:      nicolae_overflow_hidden_temple, kennysheep_little_box, first_bread,
          uniq_eustachio
D:6:      minmay_temple_entry_overgrown, serial_co_window_serial,
          co_window_paths_b, co_window_paths_b, co_window_paths_a,
          co_window_paths_b, co_window_paths_a, co_window_of_opportunity_a,
          co_window_paths_b, co_window_broadway_c, co_window_corner_b,
          co_window_broadway_a, co_window_of_opportunity_b, co_window_4corner_a,
          co_window_sun, glass_columns_a, minivault_5, uniq_grinder, uniq_pikel,
          uniq_menkaure, uniq_edmund
D:7:      kennysheep_kobold_camp, elyvilon_altar_4
D:8:      lemuel_crystal_altar, vehumet_crystals, uniq_prince_ribbit1,
          uniq_grum, uniq_joseph, uniq_maurice
D:9:      wad_guarded_room
D:10:     grunt_lair_entry_orc_guard_hut, david_orc_4, basic_altar, uniq_erica
D:11:     serial_ice, serial_ice_j, serial_ice_o, serial_ice_n, serial_ice_a,
          serial_ice_d, serial_ice_h, serial_ice_c, serial_ice_f,
          portal_ice_cave_rime, uniq_snorg
D:12:     serial_shops, shop
Lair:1:   grunt_megastairs_5
Lair:2:   minmay_shoals_entry_hut, beast_lair_carwin_6,
          infiniplex_staircase_pool
IceCv:    ice_cave_caverns_02

Skill      XL: |  1  2  3  4  5  6  7  8  9 10 11 12 |
---------------+-------------------------------------+-----
Unarmed Combat | 1 2 3 4 5 6 8 11 | 11.6
Dodging        | 1 3 6 7 8 |  8.4
Fighting       | 3 3 4 6 7 8 |  8.2
Stealth        | 3 |  3.6
Charms         | 1 |  1.7
Transmutations | 2 |  2.6
Polearms       | 4 |  4.4
Evocations     | 6 |  6.8
Hexes          | 4 |  4.0
Spellcasting   | 2 |  2.0

Action                   |  1- 3 |  4- 6 |  7- 9 | 10-12 || total
-------------------------+-------+-------+-------+-------++-------
Melee: Dagger            |    64 |    25 |       |       ||    89
       Constrict         |    22 |    34 |    34 |    95 ||   185
       Tentacles         |     8 |    28 |    53 |   166 ||   255
       Unarmed           |       |    68 |       |   577 ||   645
       Punch             |       |     3 |    16 |    76 ||    95
       Spear             |       |    25 |   227 |   243 ||   495
 Cast: Confusing Touch   |       |       |       |    34 ||    34
Invok: Sacrifice Skill   |       |       |     1 |       ||     1
       Draw Out Power    |       |       |       |     1 ||     1
       Sacrifice a Hand  |       |       |       |     1 ||     1
       Power Leap        |       |       |       |     2 ||     2
       Reject Sacrifices |       |       |       |     1 ||     1
 Abil: Evoke Berserk Rag |       |       |     7 |     7 ||    14
Evoke: Wand              |       |       |     5 |    13 ||    18
  Use: Scroll            |     3 |       |     9 |     9 ||    21
       Potion            |     2 |       |     8 |     2 ||    12
 Stab: Sleeping          |     8 |     8 |     4 |     8 ||    28
       Paralysed         |       |       |       |     7 ||     7
       Invisible         |       |       |       |    11 ||    11
       Distracted        |       |       |       |     7 ||     7
       Confused          |       |       |       |    25 ||    25
  Eat: Chunk             |     1 |     5 |    13 |    29 ||    48
       Royal jelly       |       |       |     1 |     2 ||     3
       Fruit             |       |       |     2 |     4 ||     6
       Bread ration      |       |       |     1 |       ||     1
Armor: Skin              |     4 |     5 |     5 |     5 ||    19
Dodge: Dodged            |    57 |    48 |   127 |   422 ||   654
